 Dungeon Crawl Stone Soup version 0.25-a0-366-g516bc45ae0 (webtiles) character file.

Game seed: 10572783427630831302, levelgen mode: deterministic

63 ANON1729 the Ducker (level 3, 0/27 HPs)
             Began as a Vampire Gladiator on Jan 6, 2020.
             Slain by Natasha (7 damage)
             ... on level 2 of the Dungeon.
             The game lasted 00:01:50 (719 turns).

ANON1729 the Ducker (Vampire Gladiator)              Turns: 719, Time: 00:01:52

Health: 0/27       AC:  4    Str: 13    XL:     3   Next: 87%
Magic:  3/3        EV: 14    Int: 10    God:
Gold:   84         SH:  0    Dex: 16    Spells: 2/2 levels left

rFire    . . .     SeeInvis +   a - +0 long sword
rCold    . . .     Gourm    .   (no shield)
rNeg     . . .     Faith    .   b - +0 leather armour
rPois    .         Spirit   .   e - +1 hat
rElec    .         Reflect  .   (no cloak)
rCorr    .         Harm     .   (no gloves)
MR       .....                  (no boots)
Stlth    +.........             f - amulet of magic regeneration
HPRegen  0.29/turn              (no ring)
MPRegen  0.33/turn              (no ring)

@: regenerating quickly
A: no food, fangs 3, see invisible, unbreathing
a: Exsanguinate


You were on level 2 of the Dungeon.
You were alive.

You visited 1 branch of the dungeon, and saw 2 of its levels.

You collected 84 gold pieces.

Inventory:

Hand Weapons
 a - a +0 long sword (weapon)
Missiles
 d - 3 throwing nets (quivered)
Armour
 b - a +0 leather armour (worn)
 e - a +1 hat (worn)
Jewellery
 f - an amulet of magic regeneration (around neck)
 j - an uncursed ring of resist corrosion {unknown}
Scrolls
 i - a scroll of enchant weapon {unknown}
 k - 2 scrolls of teleportation {unknown}
Potions
 c - 2 potions of curing {unknown}
 g - a potion of resistance {unknown}
 h - a potion of magic {unknown}


   Skills:
 + Level 2.2 Fighting
 * Level 3.7 Long Blades
 - Level 2.0 Throwing
 * Level 4.1 Dodging


You had 2 spell levels left.
You didn't know any spells.
Your spell library was empty.

Dungeon Overview and Level Annotations

Branches:
Dungeon (2/15)

Altars:

Annotations:
D:2 Natasha


Innate Abilities, Weirdness & Mutations

You do not eat.
Your natural rate of healing is unusually fast.
You have razor-sharp teeth.
You have supernaturally acute eyesight. (SInv)
You can survive without breathing.


Message History

The frilled lizard misses you.
You riposte.
You hit the frilled lizard.
You kill the frilled lizard!
Natasha mewls in sadness.
Natasha claws you. The rat barely misses you.
You riposte.
You hit the rat.
You kill the rat!
You hit Natasha.
Natasha is lightly wounded.
Natasha closely misses you.
You hit Natasha but do no damage.
Natasha is lightly wounded.
Natasha stares at you and mumbles some strange words.
You resist with some effort.
You closely miss Natasha. You bite Natasha.
Natasha is lightly wounded.
Natasha claws you!
* * * LOW HITPOINT WARNING * * *
Natasha wildly gestures.
You feel disoriented. Natasha claws you!
You die...

#.......†........
#..............#.
#................
###..............
##..#............
#..##......##.<#.
#####.###.##...##.##.
##...#.....##.#....###
#....@.....##.#..###
#....h†(.....# ##.
#.........<..# #
#............#
##..........##
##...##...## #### ####


You could see Natasha.

Vanquished Creatures
  3 adders (D:2)
  An ooze (D:1)
  A dart slug (D:1)
  A leopard gecko (D:2)
  7 hobgoblins
  4 ball pythons (D:2)
  4 bats
  A frilled lizard (D:2)
  2 kobolds
  7 rats
31 creatures vanquished.

Notes
Turn   | Place    | Note
-------+----------+-------------------------------------------
     0 | D:1      | ANON1729 the Vampire Gladiator began the quest for the Orb.
     0 | D:1      | Reached XP level 1. HP: 16/16 MP: 1/1
   174 | D:1      | Reached XP level 2. HP: 21/22 MP: 2/2
   582 | D:2      | Reached XP level 3. HP: 26/27 MP: 3/3
   609 | D:2      | Reached skill level 4 in Dodging
   713 | D:2      | Noticed Natasha
   719 | D:2      | Slain by Natasha

Levels and vault maps discovered:
D:1:      ncdulo_wetmaze, layout_rooms
D:2:      layout_rooms, first_ration, uniq_natasha

Skill      XL: |  1  2  3 |
---------------+----------+-----
Fighting       | 2 |  2.2
Dodging        | 4 |  4.1
Throwing       | 2 |  2.0
Long Blades    | |  3.7

Action                   || total
-------------------------++-------
Melee: Long sword        ||    65
       Bite              ||     9
  Use: Scroll            ||     1
 Stab: Sleeping          ||     2
Armor: Leather armour    ||    23
Dodge: Dodged            ||    56
       Rpst.: Long sword ||    22

Table legend:
 A = Non-vault XP
 B = Vault XP
 C = Vault XP percentage of total XP
 D = Non-vault monster count
 E = Vault monster count
 F = Vault count percentage of total count
                 A         B        C        D         E       F
            +---------+---------+-------+---------+---------+-------
      Total |      90 |       0 |   0.0 |      31 |       0 |   0.0
            +---------+---------+-------+---------+---------+-------
        D:1 |      25 |       0 |   0.0 |      12 |       0 |   0.0
        D:2 |      65 |       0 |   0.0 |      19 |       0 |   0.0
            +---------+---------+-------+---------+---------+-------
